 Dungeon Crawl Stone Soup version 0.28.0-47-ge53b351184 (webtiles) character file.

Game seed: 11595177697489209727

125 Peloso the Covered (level 4, -1/39 (40) HPs)
             Began as a Minotaur Fighter on May 7, 2022.
             Slain by a wight
             ... wielding a +4 spear
              (9 damage)
             ... on level 4 of the Dungeon.
             The game lasted 00:02:52 (2001 turns).

Peloso the Covered (Minotaur Fighter)               Turns: 2001, Time: 00:02:53

HP:   -1/39 (40)    AC:  8    Str: 20    XL:     4   Next: 82%
MP:   3/3           EV:  9    Int:  5    God:
Gold: 85            SH:  7    Dex: 12    Spells: 3/3 levels left

rFire   . . .      SeeInvis .   a - +0 long sword
rCold   . . .      Faith    .   c - +2 buckler
rNeg    . . .      Spirit   .   b - +0 scale mail
rPois   .          Reflect  .   (helmet restricted)
rElec   .          Harm     .   (no cloak)
rCorr   .          Rampage  .   j - +0 pair of gloves
Will    .....                   (no boots)
Stlth   ..........              (no amulet)
HPRegen 0.13/turn               (no ring)
MPRegen 0.08/turn               (no ring)

@: mighty, lightly drained
A: horns 2, retaliatory headbutt
a: no special abilities


You were on level 4 of the Dungeon.
You visited 1 branch of the dungeon, and saw 4 of its levels.

You collected 85 gold pieces.

Inventory:

Hand Weapons
 a - a +0 long sword (weapon)
Armour
 b - a +0 scale mail (worn)
 c - a +2 buckler (worn)
 j - a +0 pair of gloves (worn)
Wands
 l - a wand of acid (5)
Scrolls
 e - 3 scrolls of identify {unknown}
 g - a scroll of teleportation {unknown}
 h - 2 scrolls of enchant weapon {unknown}
 i - a scroll of fog {unknown}
Potions
 f - a potion of degeneration {unknown}
 k - 2 potions of brilliance {unknown}


   Skills:
 + Level 4.2 Fighting
 + Level 3.8 Long Blades
 + Level 5.0 Armour
 + Level 1.1 Dodging
 + Level 4.1 Shields


You had 3 spell levels left.
You didn't know any spells.
Your spell library was empty.

Dungeon Overview and Level Annotations

Branches:
Dungeon (4/15)
 Temple: D:4-7

Altars:
Uskayaw


Innate Abilities, Weirdness & Mutations

You have a pair of horns on your head.
You reflexively headbutt those who attack you in melee.


Message History

You escape the ball python's grasp.
The ball python bites you. The ball python barely misses you.
The wight barely misses you.
An adder comes into view.
The ball python bites you. The ball python barely misses you.
You feel very mighty all of a sudden. The ball python barely misses you.
You furiously retaliate!
You headbutt the ball python!
You kill the ball python!
The wight barely misses you. You furiously retaliate!
You headbutt the wight!
The wight hits you from afar with a +4 spear!
You closely miss the wight. Your headbutt misses the wight.
The wight is heavily damaged.
The wight barely misses you. The wight closely misses you.
The wight hits you with a +0 mace. You block the wight's attack.
You barely miss the wight.
The wight is heavily damaged.
The wight hits you with a +0 mace.
You feel drained. The wight completely misses you.
You closely miss the wight. You headbutt the wight!
You destroy the wight!
You block the wight's attack.
Your life force feels restored.
Your Armour skill increases to level 5!
Your Dodging skill increases to level 1!
The wight hits you with a +4 spear.
* * * LOW HITPOINT WARNING * * *
You feel drained.
* * * LOW HITPOINT WARNING * * *
The wight hits you but does no damage.
Things that are here:
a +0 mace; a +0 robe You barely miss the wight.
The wight barely misses you. You block the wight's attack.
Unknown command.
You slash the wight!
You headbutt the wight, but do no damage.
The wight is severely damaged.
The wight barely misses you. You block the wight's attack.
The wight hits you with a +4 spear!
You die...

#.# #.# #.#
....... #.#
.......
#.##.......
#.#....$...
#.#........
#.#........
#@#........
#z#<.......
#z#........
#z#........
##..........
#..#z.......
#..#S.......
.............
#.............#


You could see 3 wights.

Vanquished Creatures
  A wight (D:4)
  Jessica (D:2)
  2 adders
  A worm (D:3)
  7 ball pythons
  5 bats
  4 endoplasms
  A giant cockroach (D:2)
  4 goblins
  3 hobgoblins
  3 kobolds
  3 quokkas (D:3)
  A frilled lizard (D:3)
  3 rats
39 creatures vanquished.

Notes
Turn   | Place    | Note
-------+----------+-------------------------------------------
     0 | D:1      | Peloso the Minotaur Fighter began the quest for the Orb.
     0 | D:1      | Reached XP level 1. HP: 19/19 MP: 0/0
   164 | D:1      | Found a faded altar of an unknown god.
   205 | D:1      | Reached XP level 2. HP: 23/27 MP: 1/1
   342 | D:1      | Reached skill level 4 in Armour
   826 | D:2      | Noticed Jessica
   829 | D:2      | Killed Jessica
   830 | D:2      | Reached XP level 3. HP: 33/33 MP: 2/2
   923 | D:2      | Noticed an ogre
  1330 | D:3      | Reached XP level 4. HP: 35/40 MP: 3/3
  1957 | D:3      | Found a faded altar of an unknown god.
  1962 | D:3      | Found a hide-covered altar of Uskayaw.
  1999 | D:4      | Reached skill level 5 in Armour
  1999 | D:4      | Reached skill level 1 in Dodging
  2001 | D:4      | Slain by a wight

Illustrated notes

Levels and vault maps discovered:
D:1:      scummos_arrival_checkerplants, layout_basic,
          hellmonk_ecumenical_altar_pennies_from_heaven,
          minmay_misc_feat_plants, grunt_decor_one_mirror
D:2:      layout_basic, uniq_jessica
D:3:      layout_loops_ring, nicolae_overflow_ecumenical_swirl,
          minmay_close_crescents
D:4:      layout_rooms, cheibrodos_sewer_entry_bend,
          minmay_misc_feat_more_columns, uniq_eustachio

Skill      XL: |  1  2  3  4 |
---------------+-------------+-----
Armour         | 4 5 |  5.0
Fighting       | 4 |  4.2
Long Blades    | 3 |  3.8
Shields        | 4 |  4.1
Dodging        | 1 |  1.1

Action                   |  1- 3 |  4- 6 || total
-------------------------+-------+-------++-------
Melee: Long sword        |    75 |    17 ||    92
       Headbutt          |    10 |     3 ||    13
  Use: Potion            |       |     1 ||     1
Armor: Scale mail        |    66 |     7 ||    73
Dodge: Dodged            |    36 |    19 ||    55
Block: Buckler           |    18 |     7 ||    25
